 Dungeon Crawl Stone Soup version 0.16.2-12-gd0ad4c3 (webtiles) character file.

12940 hannobal the Impaler (level 12, -2/86 HPs)
             Began as a Formicid Fighter on Oct 4, 2015.
             Was a High Priest of Fedhas.
             Slain by a demonic crawler (7 damage)
             ... summoned by a deep elf summoner
             ... on level 4 of the Orcish Mines.
             The game lasted 01:01:27 (15957 turns).

hannobal the Impaler (Formicid Fighter)            Turns: 15957, Time: 01:01:27

Health: -2/86      AC: 14    Str: 21    XL:     12   Next: 26%
Magic:  22/22      EV:  9    Int:  9    God:    Fedhas [*****.]
Gold:   969        SH: 18    Dex: 10    Spells: 0 memorised, 11 levels left

rFire  + . .     SeeInvis +     a - +4 halberd
rCold  + . .     Clarity  +     p - +3 ring mail of Strauch {rElec rC+ MR++ Str-4}
rNeg   . . .     SustAb   +     o - +1 large shield {rF+}
rPois  .         Gourm    .     (helmet unavailable)
rElec  +         Spirit   .     w - +1 cloak {MR+}
rCorr  .         Warding  .     k - +1 pair of gloves
rMut   .         Stasis   +     C - +0 pair of boots
MR     +++++                    Z - amulet of clarity
Stlth  +.........               t - ring of protection from magic
                                g - ring of sustain abilities

@: drained, almost entirely resistant to hostile enchantments, very unstealthy
A: permanent stasis, dig shafts and tunnels, four strong arms, antennae 3
a: Dig, Shaft Self, Evolution, Sunlight, Growth, Reproduction, Rain, Renounce
Religion


You were on level 4 of the Orcish Mines.
You worshipped Fedhas.
Fedhas was extremely pleased with you.
You were not hungry.

You visited 3 branches of the dungeon, and saw 15 of its levels.

You collected 1573 gold pieces.
You spent 604 gold pieces at shops.

Inventory:

Hand weapons
 a - a +4 halberd (weapon)
 b - a +0 hand crossbow
 c - a +0 glaive
 m - a +3 hand axe of flaming
 G - a +0 hunting sling
 Q - a +1 trident
 U - a +0 blowgun
Missiles
 h - 23 tomahawks (quivered)
 j - 46 bolts
 l - 38 stones
 R - 70 poisoned needles
 T - 6 silver tomahawks
 V - 3 curare-tipped needles
 X - 6 javelins
Armour
 e - a +2 ring mail of poison resistance
 k - a +1 pair of gloves (worn)
 o - a +1 large shield of fire resistance (worn)
 p - the +3 ring mail of Strauch (worn) {rElec rC+ MR++ Str-4}
   (You took it off an orc on level 8 of the Dungeon)

   It affects your strength (-4).
   It protects you from cold.
   It insulates you from electricity.
   It affects your resistance to hostile enchantments.
 w - a +1 cloak of magic resistance (worn)
 C - a +0 pair of boots (worn)
 F - a +2 leather armour of fire resistance
 H - a +4 scale mail of cold resistance
 O - a +3 scale mail
Magical staves
 Y - an uncursed staff of air
Jewellery
 f - an uncursed ring of ice
 g - a ring of sustain abilities (left hand)
 s - an uncursed amulet of resist corrosion
 t - a ring of protection from magic (right hand)
 Z - an amulet of clarity (around neck)
Magical devices
 v - a wand of paralysis (7)
 x - a wand of cold (11)
 K - a wand of enslavement (15)
 M - a wand of paralysis (6)
Scrolls
 i - 9 scrolls of identify
 r - 12 scrolls of remove curse
 y - 4 scrolls of fear
 z - a scroll of fog
 E - 3 scrolls of recharging
 L - a scroll of magic mapping
Potions
 n - 4 potions of heal wounds
 q - 4 potions of might
 u - a potion of restore abilities
 B - 2 potions of agility
 D - 2 potions of cancellation
 N - a potion of invisibility
 W - a potion of curing
Miscellaneous
 J - a sack of spiders
Comestibles
 d - 8 bread rations {@e1}
 A - 8 meat rations {@e2}
 I - a chunk of flesh {@w0}


   Skills:
 - Level 5.0(4.8) Fighting
 + Level 15.1(14.8) Polearms
 - Level 3.2(3.0) Armour
 - Level 2.0(1.8) Dodging
 - Level 10.0(9.8) Shields
 - Level 5.0(4.8) Invocations
 - Level 3.5(3.3) Evocations


You had 11 spell levels left.
You didn't know any spells.

Dungeon Overview and Level Annotations

Branches:
Dungeon (10/15)            Temple (1/1) D:6             Orc (4/4) D:10
    Elf (0/3) Orc:4
   Lair: D:8-11

Altars:
Cheibriados
Dithmenos
Elyvilon
Fedhas
Gozag
Makhleb
Nemelex Xobeh
Ru
Sif Muna
Vehumet
Yredelemnul
Beogh

Shops:
D:5 ?   Orc:2 [   Orc:4 [(

Annotations:
Orc:2 exclusion: 2 upstairs


Innate Abilities, Weirdness & Mutations

You are under a permanent stasis effect.
You can dig through walls and to a lower floor.
Your four strong arms can wield two-handed weapons with a shield.
You have a pair of large antennae on your head (SInv).


Message History

The deep elf summoner is almost dead.
The demonic crawler barely misses you. You block the demonic crawler's attack.
You block the demonic crawler's attack. The demonic crawler barely misses you.
The demonic crawler hits you but does no damage.
You block the demonic crawler's attack. The redback bites you!
* * * LOW HITPOINT WARNING * * *
The deep elf summoner hits you with a long sword of distortion.
* * * LOW HITPOINT WARNING * * *
The redback bites you!
* * * LOW HITPOINT WARNING * * *
You barely miss the deep elf summoner.
The deep elf summoner is almost dead.
The redback bites you.
* * * LOW HITPOINT WARNING * * *
You block the demonic crawler's attack. x2
The demonic crawler hits you.
* * * LOW HITPOINT WARNING * * *
The demonic crawler barely misses you. The demonic crawler hits you!
You die...
Fedhas appreciates your contribution to the ecosystem.

...........#..##........#......##
...........####......<...........
##.....#....# ##.#...............
.#....####.## #........).........
.........### ##.#...............
..#'###...# ##..............#..#
..#)).#..## #..s................
..#...#.#######sse..........##..#
..#.8.#..#...###@s<..........#...
..#####.......###s#.[............
.............##.###.........#####
...#.......#.#...#..........#..f#
.o.<.............#..........#_.)'
o........).#.#..............#...#
.....##..).#....[........#..#####
..#...##)[#...............#......
.###.#..).#.......###.##.###.....


You could see 2 demonic crawlers, a deep elf summoner and 3 redbacks.

Vanquished Creatures
  Josephine (Orc:2)
  2 hill giants (D:10)
  Erolcha (D:10)
  An orc sorcerer (Orc:4)
  A two-headed ogre (Orc:4)
  Grinder (D:5)
  A hungry ghost (D:8)
  A trapdoor spider (D:10)
  A deep elf mage (D:8)
  6 yaks
  3 wraiths
  A human (D:8)
  Grum (Orc:2)
  2 wolves
  2 wargs
  Menkaure (D:5)
  2 water moccasins
  2 hippogriffs
  15 orc warriors
  2 black bears
  3 ice beasts
  2 necrophages
  A sky beast (D:8)
  3 phantoms
  The ghost of hannobal the Conjurer, an average DgWz (D:4)
  6 ogres
  2 big kobolds
  2 centaurs
  6 giant frogs
  6 scorpions
  5 killer bees
  4 jellies
  A quasit (D:9)
  2 goliath beetles
  7 hounds
  4 crimson imps
  2 centaur zombies
  4 giant frog skeletons
  A centaur skeleton (D:5)
  2 iguanas (D:7)
  14 orc priests
  23 orc wizards
  2 killer bee zombies
  9 worker ants
  2 sheep (D:8)
  A mummy (D:6)
  11 gnolls
  A worker ant zombie (D:10)
  12 adders
  3 giant mites (D:4)
  A river rat (D:4)
  2 shadow imps
  A worm (D:4)
  3 adder skeletons
  An ooze (D:3)
  98 orcs
  A bat zombie (D:9)
  9 giant cockroaches
  24 goblins
  21 hobgoblins
  11 jackals
  4 quokkas
  12 bats
  9 giant geckos
  A giant gecko skeleton (D:6)
  6 giant newts
  23 kobolds
  20 rats
436 creatures vanquished.

Vanquished Creatures (collateral kills)
  2 orc priests (Orc:4)
  3 orcs (Orc:4)
  A goblin (Orc:4)
6 creatures vanquished.

Vanquished Creatures (others)
  2 wandering mushrooms (Orc:4)
  A scorpion (D:9)
  A quokka (D:9)
  A rat (D:9)
  2 fungi (D:9)
  232 toadstools
239 creatures vanquished.

Grand Total: 681 creatures vanquished

Notes
Turn   | Place    | Note
--------------------------------------------------------------
     0 | D:1      | hannobal, the Formicid Fighter, began the quest for the Orb.
     0 | D:1      | Reached XP level 1. HP: 18/18 MP: 1/1
   167 | D:1      | Reached XP level 2. HP: 24/24 MP: 3/3
   414 | D:1      | Reached XP level 3. HP: 24/29 MP: 4/4
   667 | D:2      | Found a burning altar of Makhleb.
   702 | D:2      | Reached skill level 4 in Polearms
   702 | D:2      | Reached XP level 4. HP: 32/35 MP: 5/5
  1120 | D:2      | Found a radiant altar of Vehumet.
  1188 | D:2      | Reached XP level 5. HP: 36/41 MP: 7/7
  1424 | D:2      | Reached skill level 5 in Polearms
  2456 | D:4      | Noticed a phantom
  2514 | D:4      | Killed a phantom
  2514 | D:4      | Reached skill level 6 in Polearms
  2514 | D:4      | Reached XP level 6. HP: 32/47 MP: 8/8
  2991 | D:4      | Reached XP level 7. HP: 28/52 MP: 9/9
  2994 | D:4      | Reached skill level 7 in Polearms
  3009 | D:4      | Found a white marble altar of Elyvilon.
  3259 | D:4      | Noticed hannobal's ghost (average DgWz)
  3275 | D:4      | Killed hannobal's ghost
  3982 | D:4      | Reached skill level 8 in Polearms
  4194 | D:5      | Entered Level 5 of the Dungeon
  4362 | D:5      | Found Ocavvoth's Magic Scroll Emporium.
  4372 | D:5      | Bought a scroll of fear for 35 gold pieces
  4372 | D:5      | Bought a scroll of fog for 20 gold pieces
  4436 | D:5      | Found a blossoming altar of Fedhas.
  4472 | D:5      | Bought a scroll of identify for 20 gold pieces
  4472 | D:5      | Bought a scroll of identify for 20 gold pieces
  4472 | D:5      | Bought a scroll of identify for 20 gold pieces
  4472 | D:5      | Bought a scroll of identify for 20 gold pieces
  4472 | D:5      | Bought a scroll of identify for 20 gold pieces
  4472 | D:5      | Bought a scroll of identify for 20 gold pieces
  4472 | D:5      | Bought a scroll of identify for 20 gold pieces
  4576 | D:5      | Became a worshipper of Fedhas Madash
  4582 | D:5      | Reached XP level 8. HP: 58/58 MP: 11/11
  4646 | D:5      | Noticed Grinder
  4669 | D:5      | Killed Grinder
  4669 | D:5      | Reached skill level 9 in Polearms
  4903 | D:5      | Reached skill level 1 in Invocations
  4972 | D:5      | Noticed Menkaure
  4977 | D:5      | Killed Menkaure
  5411 | D:6      | Found a snail-covered altar of Cheibriados.
  5650 | D:6      | Reached skill level 10 in Polearms
  5913 | D:6      | Reached XP level 9. HP: 64/64 MP: 13/13
  6176 | D:6      | Found a staircase to the Ecumenical Temple.
  6188 | Temple   | Entered the Ecumenical Temple
  6284 | D:6      | Reached skill level 5 in Shields
  6308 | D:7      | Acquired Fedhas' first power
  6782 | D:7      | Reached skill level 11 in Polearms
  7360 | D:7      | Reached XP level 10. HP: 53/73 MP: 18/18
  8085 | D:7      | Reached skill level 12 in Polearms
  8402 | D:8      | Acquired Fedhas' second power
  8825 | D:8      | Got a brightly glowing ring mail
  8843 | D:7      | Identified the +3 ring mail of Strauch {rElec rC+ MR++ Str-4} (You took it off an orc on level 8 of the Dungeon)
  8859 | D:8      | Found a basalt altar of Yredelemnul.
  9157 | D:8      | Reached skill level 5 in Fighting
  9180 | D:8      | Gained mutation: You evolve. [potion of beneficial mutation]
  9514 | D:8      | Found an opulent altar of Gozag.
  9932 | D:9      | Found a staircase to the Lair.
 10344 | D:9      | Reached skill level 13 in Polearms
 10378 | D:9      | Found a shadowy altar of Dithmenos.
 10405 | D:9      | Reached XP level 11. HP: 58/79 MP: 20/20
 10699 | D:9      | Got an ichor-stained leather armour
 10710 | D:9      | Identified the +2 leather armour of the Shore {rPois Int+3 Dex+3} (You found it on level 9 of the Dungeon)
 11104 | D:10     | Entered Level 10 of the Dungeon
 11852 | D:10     | Found a staircase to the Orcish Mines.
 11909 | D:10     | Acquired Fedhas' third power
 11973 | D:10     | Noticed a hill giant
 11991 | D:10     | Killed a hill giant
 11991 | D:10     | Reached skill level 14 in Polearms
 12096 | D:10     | Lost mutation: You evolve. [evolution]
 12219 | D:10     | Noticed a hill giant
 12229 | D:10     | Killed a hill giant
 12487 | D:10     | Noticed Erolcha
 12498 | D:10     | Killed Erolcha
 12715 | Orc:1    | Entered Level 1 of the Orcish Mines
 12959 | Orc:2    | Found Gyekiv's Antique Armour Boutique.
 12966 | Orc:2    | Bought a runed cloak for 175 gold pieces
 13372 | Orc:3    | Acquired Fedhas' fourth power
 13533 | Orc:2    | Noticed Josephine
 13575 | Orc:2    | Killed Josephine
 13739 | Orc:3    | Reached skill level 10 in Shields
 13752 | Orc:2    | Noticed Grum
 13980 | Orc:2    | Killed Grum
 14273 | Orc:2    | Bought a runed leather armour for 78 gold pieces
 14273 | Orc:2    | Bought a glowing scale mail for 156 gold pieces
 14457 | Orc:1    | Reached XP level 12. HP: 86/86 MP: 21/21
 14637 | Orc:1    | Acquired Fedhas' fifth power
 14949 | Orc:4    | Entered Level 4 of the Orcish Mines
 15248 | Orc:4    | Found a roughly hewn altar of Beogh.
 15277 | Orc:4    | Found a roughly hewn altar of Beogh.
 15305 | Orc:4    | Found a staircase to the Elven Halls.
 15377 | Orc:4    | Found a roughly hewn altar of Beogh.
 15377 | Orc:4    | Found Klawkatt's Weapon Boutique.
 15419 | Orc:4    | Reached skill level 5 in Invocations
 15546 | Orc:4    | Found a roughly hewn altar of Beogh.
 15596 | Orc:4    | Found a roughly hewn altar of Beogh.
 15596 | Orc:4    | Found Jeogory's Armour Boutique.
 15637 | Orc:3    | Reached skill level 15 in Polearms
 15957 | Orc:4    | Slain by a demonic crawler

Action                   |  1- 3 |  4- 6 |  7- 9 | 10-12 || total
-------------------------+-------+-------+-------+-------++-------
Melee: Trident           |    94 |   201 |   469 |       ||   764
       Glaive            |       |       |    36 |   500 ||   536
       Halberd           |       |       |    11 |   579 ||   590
 Fire: Hand crossbow     |       |       |       |     6 ||     6
Throw: Tomahawk          |       |     1 |     1 |    14 ||    16
Invok: Evolution         |       |       |       |     2 ||     2
 Abil: Dig               |       |     2 |       |     9 ||    11
Evoke: Wand              |       |       |     1 |     4 ||     5
  Use: Scroll            |     3 |     5 |     9 |     4 ||    21
       Potion            |       |     7 |     1 |     2 ||    10
 Stab: Distracted        |       |       |     1 |       ||     1
       Paralysed         |       |       |       |    10 ||    10
       Confused          |       |       |       |     1 ||     1
  Eat: Chunk             |       |     7 |    13 |    18 ||    38
       Pizza             |       |       |     1 |     8 ||     9
       Beef jerky        |       |       |       |     4 ||     4
       Bread ration      |       |       |       |     1 ||     1
